 Dungeon Crawl Stone Soup version 0.20.0-15-g7f486f2 (webtiles) character file.

182913 Whitewater the Warrior (level 17, 0/219 HPs)
             Began as a Minotaur Berserker on May 26, 2017.
             Was an Elder of Trog.
             Slain by a fire dragon (6 damage)
             ... on level 4 of the Swamp on June 14, 2017.
             The game lasted 02:54:12 (28279 turns).

Whitewater the Warrior (Minotaur Berserker)        Turns: 28279, Time: 02:54:13

Health: 0/219      AC: 15    Str: 41    XL:     17   Next: 36%
Magic:  17/17      EV: 18    Int:  5    God:    Trog [****..]
Gold:   1774       SH:  9    Dex: 14    Spells: 16/16 levels left

rFire    . . .     SeeInvis .   a - +9 demon whip of the Thirteen Dances {drain, rElec Str+4}
rCold    . . .     Gourm    .   q - +2 buckler
rNeg     . . .     Faith    .   V - +3 ring mail {rPois}
rPois    +         Spirit   .   (helmet restricted)
rElec    +         Reflect  .   G - scarf {repulsion}
rCorr    +         Harm     .   (no gloves)
MR       +++..                  R - +0 pair of boots "Jiceuran" {Str+4}
Stlth    ..........             p - amulet of regeneration
Regen    1.9/turn               K - +4 ring of strength
MPRegen  0.2/turn               L - ring of resist corrosion

@: berserking, regenerating, drained, repel missiles, slow
A: retaliatory headbutt, horns 2, yellow scales 1, frail 1, high mp 1, mutation
resistance 1
}: 1/15 runes: serpentine
a: Berserk, Trog's Hand, Brothers in Arms, Burn Spellbooks, Renounce Religion


You were on level 4 of the Swamp.
You worshipped Trog.
Trog was greatly pleased with you.
You were not hungry.

You visited 6 branches of the dungeon, and saw 26 of its levels.

You collected 2302 gold pieces.
You spent 528 gold pieces at shops.

Inventory:

Hand Weapons
 a - the +9 demon whip of the Thirteen Dances (weapon) {drain, rElec Str+4}
   (Trog gifted it to you on level 3 of the Lair of Beasts)

   A truly terrible weapon, it drains the life of those it strikes.
   It affects your strength (+4).
   It insulates you from electricity.
 b - a +6 fustibalus of flaming
 j - a +3 whip of electrocution
 W - a +2 hunting sling of flaming
 Z - the +9 flail "Wagutt" {freeze, +Inv}
   (You found it on level 3 of the Snake Pit)

   It has been specially enchanted to freeze those struck by it, causing extra
   injury to most foes and up to half again as much damage against particularly
   susceptible opponents.
   It can also slow down cold-blooded creatures.
   It lets you turn invisible.
Missiles
 z - 428 stones (quivered)
 H - 126 sling bullets
Armour
 q - a +2 buckler (worn)
 G - a scarf of repulsion (worn)
 P - a +1 chain mail of fire resistance
 R - the +0 pair of boots "Jiceuran" (worn) {Str+4}
   (You found it on level 1 of the Lair of Beasts)

   It affects your strength (+4).
 V - a +3 ring mail of poison resistance (worn)
Jewellery
 f - a +4 ring of strength
 i - an uncursed ring of ice
 p - an amulet of regeneration (around neck)
 u - a cursed ring of loudness {unknown}
 J - the amulet "Cycipp" {Faith +Fly Int+2 Dex+5, unknown}
   (You found it on level 4 of the Swamp)

   [amulet of faith]

   It allows you to gain divine favour quickly.
   It affects your intelligence (+2).
   It affects your dexterity (+5).
   It lets you fly.
 K - a +4 ring of strength (left hand)
 L - a ring of resist corrosion (right hand)
 O - a +5 ring of intelligence
Scrolls
 d - a scroll of enchant armour {unknown}
 e - a scroll of summoning {unknown}
 g - 2 scrolls of enchant weapon
 h - 2 scrolls of magic mapping
 l - 2 scrolls of identify
 r - 4 scrolls of teleportation
 y - 8 scrolls of remove curse
 C - a scroll of random uselessness {unknown}
 D - a scroll of torment {unknown}
 E - a scroll of immolation {unknown}
 F - a scroll of recharging {unknown}
 M - 2 scrolls of holy word
 N - a scroll of fog {unknown}
 Q - a scroll of blinking {unknown}
 U - 2 scrolls of acquirement
 X - a scroll of noise {unknown}
Potions
 n - a potion of haste {unknown}
 t - 2 potions of berserk rage
 v - 5 potions of agility
 w - a potion of invisibility {unknown}
 x - 4 potions of ambrosia
 A - 2 potions of resistance
 B - a potion of cancellation {unknown}
 I - 3 potions of flight
 S - 3 potions of might
 Y - a potion of lignification {unknown}
Comestibles
 c - 4 bread rations
 k - 37 fruits
 m - 23 royal jellies
 o - 10 meat rations
 T - 13 chunks of flesh


   Skills:
 + Level 17.9(17.8) Fighting
 + Level 16.9(16.8) Maces & Flails
 + Level 12.5(12.4) Slings
 + Level 1.0(7.4) Throwing
 + Level 16.1(16.0) Armour
 + Level 10.6(10.5) Dodging
 + Level 3.8 Stealth
 + Level 14.2(14.1) Shields


You had 16 spell levels left.
You didn't know any spells.

Dungeon Overview and Level Annotations

Branches:
Dungeon (9/15)             Temple (0/1) D:4            Lair (6/6) D:9
  Swamp (4/4) Lair:2        Snake (4/4) Lair:4        Slime (1/5) Lair:6
    Orc (2/2) D:9             Elf (0/3) Orc:2

Altars:
Cheibriados
Elyvilon
Kikubaaqudgha
Okawaru
Qazlal
Ru
Trog
Xom
Zin
Jiyva

Shops:
D:9 *   Orc:2 *(((   Snake:1 ([([%


Innate Abilities, Weirdness & Mutations

You reflexively headbutt those who attack you in melee.
You have a pair of horns on your head.
You are partially covered in yellow scales. (AC +2)
You are frail. (-10% HP)
You have an increased reservoir of magic. (+10% MP)
You are somewhat resistant to further mutation.


Message History

The fire dragon roars deafeningly!
The fire dragon breathes flames at you. The blast of flame hits you!
* * * LOW HITPOINT WARNING * * *
Okay, then.
Your skin crawls.
You feel resistant to hostile enchantments.
You feel quite a bit more hungry. Trog will no longer gift you weapons.
You are engulfed in a cloud of scalding steam.
You block the swamp drake's attack.
A red film seems to cover your vision as you go berserk!
You feel yourself moving faster!
You feel mighty!
You feel quite a bit more hungry.
You are engulfed in a cloud of scalding steam.
* * * LOW HITPOINT WARNING * * *
The fire dragon barely misses you. You furiously retaliate!
You headbutt the fire dragon! You block the fire dragon's attack.
The fire dragon tramples you.
You die...

##♣# ##....♣♣##≈.#♣≈♣♣.≈..♣♣..≈≈≈
.♣.♣♣♣≈.≈≈§.≈♣##≈.♣≈≈.≈≈≈≈.♣♣♣≈≈.
#..≈....§≈§.≈.≈.÷..≈≈≈≈≈≈≈.♣ ≈≈≈
..≈♣..≈..§≈.§..≈.♣.≈.≈≈≈≈..♣ ≈≈
≈.≈♣♣..[....♣.♣≈[†.(≈≈..≈≈♣ ♣
≈.≈†......≈.≈♣♣♣†[.≈♣♣♣♣♣♣≈
.♣.≈.....♣......♣O..≈≈≈.♣
..≈≈.♣.≈..♣§§≈≈D♣♣≈≈≈≈≈≈♣
≈♣.♣♣♣♣♣...≈≈≈≈.@k≈≈≈≈≈≈♣ ♣♣♣♣
♣≈.≈.≈≈≈.♣..≈≈≈≈.♣♣
♣♣≈♣♣...♣♣♣§....≈♣ ♣♣♣♣♣♣♣♣
♣♣♣♣♣♣♣♣


You could see a fire dragon and a swamp drake.

Vanquished Creatures
  Mara (Swamp:3)
  Saint Roka (Snake:4)
  4 thorn hunters
  Roxanne (Swamp:3)
  10 nagarajas
  Josephine (Lair:5)
  Snorg (Lair:6)
  A fire dragon (Swamp:4)
  11 hydras
  2 catoblepae (Lair:6)
  3 ghost crabs
  12 naga warriors
  Harold (Orc:1)
  9 anacondas
  6 alligators
  A deep troll shaman (Lair:6)
  A two-headed ogre (D:9)
  An orc high priest (Orc:2)
  5 death yaks (Lair:6)
  3 naga sharpshooters
  6 shock serpents
  2 fire crabs (Swamp:4)
  A salamander mystic (Snake:4)
  2 lindwurms
  A spriggan druid (Swamp:3)
  2 shambling mangroves
  Pikel (D:8)
  10 swamp dragons
  3 naga ritualists (Snake:4)
  4 oklob plants (Lair:3)
  5 orc sorcerers
  3 mana vipers (Snake:4)
  4 salamanders
  15 elephants
  14 naga magi
  4 guardian serpents
  A torpor snail (Lair:2)
  26 black mambas
  5 gargoyles (D:8)
  21 spiny frogs
  A centaur skeleton (D:9)
  2 rime drakes (Lair:6)
  9 komodo dragons
  2 ice devils (Orc:1)
  2 trolls
  3 meliai (Lair:6)
  3 polar bears
  A queen bee (Lair:6)
  The ghost of busta the Insei, an amateur DsMo of Ru (D:4)
  Prince Ribbit (D:5)
  5 bog bodies
  28 blink frogs
  9 hornets
  10 slime creatures
  12 tyrant leeches
  11 hippogriffs
  2 dream sheep (D:9)
  Sigmund (D:2)
  8 spriggans
  15 yaks
  5 wraiths (Lair:5)
  A wyvern (Lair:3)
  2 shadows
  2 basilisks
  2 steam dragons (Swamp:4)
  10 vampire mosquitoes (Swamp:2)
  3 wargs
  20 swamp worms
  Edmund (D:5)
  60 nagas
  24 insubstantial wisps
  7 porcupines
  3 sky beasts
  15 water moccasins
  2 black bears
  17 orc warriors
  7 swamp drakes
  2 ice beasts (D:5)
  A phantom (D:7)
  5 ogres
  10 wolves
  3 centaurs
  15 crocodiles
  12 bullfrogs
  4 big kobolds
  A gnoll sergeant (D:9)
  2 wyvern zombies
  2 scorpions
  21 killer bees (Lair:6)
  5 wights (D:9)
  4 electric eels
  3 howler monkeys
  A quasit (D:7)
  A bullfrog zombie (D:9)
  4 crimson imps
  A lava snake (Swamp:4)
  5 hounds
  3 jellies
  A bullfrog skeleton (D:6)
  22 orc priests
  29 orc wizards
  3 iguanas
  11 worker ants
  A killer bee zombie (D:9)
  A hound skeleton (D:6)
  A worker ant zombie (D:8)
  9 gnolls
  A howler monkey skeleton (D:7)
  7 adders
  A shadow imp (D:6)
  An ooze (D:1)
  An adder skeleton (D:6)
  3 worms
  A dart slug (D:2)
  2 leopard geckos
  52 orcs
  2 ball pythons
  4 giant cockroaches
  10 goblins
  10 hobgoblins
  9 jackals
  5 quokkas
  6 bats
  6 frilled lizards
  A jackal zombie (D:6)
  9 kobolds
  A leopard gecko skeleton (D:5)
  7 rats
  A plant (Lair:4)
835 creatures vanquished.

Vanquished Creatures (collateral kills)
  A nagaraja (Snake:4)
  A naga warrior (Snake:4)
  A ghost crab (Swamp:3)
  2 naga ritualists (Snake:4)
  A shambling mangrove (Swamp:3)
  4 black mambas (Snake:4)
  3 naga magi (Snake:4)
  A spiny frog (D:9)
  A hornet (Swamp:3)
  3 blink frogs (Swamp:3)
  A yak (D:9)
  2 wargs (Snake:4)
  4 nagas (Snake:4)
  An orc warrior (Snake:4)
  An ogre (Snake:4)
  2 bullfrogs (D:9)
  An orc (Snake:4)
30 creatures vanquished.

Vanquished Creatures (others)
  2 swamp dragons (Swamp:4)
  A black mamba (Snake:1)
  A spriggan (Swamp:3)
  2 steam dragons (Swamp:4)
  A warg (D:8)
  5 swamp drakes (Swamp:4)
  A bullfrog (D:8)
  A bullfrog skeleton (D:8)
  An orc priest (D:8)
  A jelly (D:8)
  An adder (D:8)
  2 orcs (D:8)
  A quokka (D:8)
  A quokka skeleton (D:8)
  6 plants
27 creatures vanquished.

Grand Total: 892 creatures vanquished

Notes
Turn   | Place    | Note
-------+----------+-------------------------------------------
     0 | D:1      | Whitewater the Minotaur Berserker began the quest for the Orb.
     0 | D:1      | Reached XP level 1. HP: 19/19 MP: 0/0
    81 | D:1      | Reached skill level 4 in Fighting
    81 | D:1      | Reached XP level 2. HP: 8/27 MP: 1/1
   822 | D:2      | Reached XP level 3. HP: 32/33 MP: 2/2
   921 | D:2      | Reached ** piety under Trog
  1123 | D:2      | Reached XP level 4. HP: 40/41 MP: 3/3
  1449 | D:2      | Reached skill level 5 in Maces & Flails
  1813 | D:2      | Noticed Sigmund
  1825 | D:2      | Killed Sigmund
  1825 | D:2      | Reached skill level 5 in Fighting
  1825 | D:2      | Reached XP level 5. HP: 48/48 MP: 4/4
  1825 | D:2      | Reached XP level 6. HP: 56/56 MP: 5/5
  2142 | D:3      | Reached skill level 1 in Shields
  2359 | D:3      | Found an ancient bone altar of Kikubaaqudgha.
  2858 | D:4      | Found a staircase to the Ecumenical Temple.
  2998 | D:4      | Reached *** piety under Trog
  3370 | D:4      | Found a bloodstained altar of Trog.
  3370 | D:4      | Noticed busta's ghost (amateur DsMo)
  3377 | D:4      | Killed busta's ghost
  3377 | D:4      | Reached skill level 5 in Armour
  3377 | D:4      | Reached XP level 7. HP: 61/61 MP: 6/6
  3518 | D:5      | Entered Level 5 of the Dungeon
  3519 | D:5      | Upgraded the game from 0.20.0-3-g22ec75f to 0.20.0-8-g6b59dc7
  3850 | D:5      | Noticed Prince Ribbit
  3856 | D:5      | Noticed Edmund
  3887 | D:5      | Killed Edmund
  3899 | D:5      | Killed Prince Ribbit
  3899 | D:5      | Reached XP level 8. HP: 68/69 MP: 7/7
  4036 | D:5      | Reached skill level 1 in Stealth
  4298 | D:5      | You fall through a shaft!
  4691 | D:6      | Found a stormy altar of Qazlal.
  4897 | D:6      | Reached skill level 6 in Fighting
  4961 | D:6      | Found a snail-covered altar of Cheibriados.
  4974 | D:6      | Found a glowing silver altar of Zin.
  5002 | D:6      | Found a shimmering altar of Xom.
  5017 | D:6      | Found a sacrificial altar of Ru.
  5145 | D:7      | Reached skill level 1 in Slings
  5437 | D:7      | Reached XP level 9. HP: 70/75 MP: 8/8
  6545 | D:8      | Reached **** piety under Trog
  6599 | D:8      | Noticed Pikel
  6610 | D:8      | Killed Pikel
  6610 | D:8      | Reached skill level 7 in Fighting
  6610 | D:8      | Reached skill level 5 in Dodging
  6658 | D:8      | Reached skill level 10 in Maces & Flails
  6847 | D:8      | Gained mutation: You are frail. (-10% HP) [potion of mutation]
  6847 | D:8      | Gained mutation: You have an increased reservoir of magic. (+10% MP) [potion of mutation]
  7040 | D:8      | Noticed a gargoyle
  7058 | D:8      | Killed a gargoyle
  7061 | D:8      | Noticed a gargoyle
  7089 | D:8      | Killed a gargoyle
  7089 | D:8      | Reached skill level 5 in Shields
  7089 | D:8      | Reached XP level 10. HP: 51/79 MP: 10/10
  7101 | D:8      | Noticed a gargoyle
  7106 | D:8      | Killed a gargoyle
  7264 | D:8      | Noticed a gargoyle
  7283 | D:8      | Killed a gargoyle
  7283 | D:8      | Reached skill level 8 in Fighting
  7336 | D:8      | Noticed a gargoyle
  7348 | D:8      | Killed a gargoyle
  7557 | D:8      | Reached skill level 10 in Armour
  7643 | D:9      | Found a staircase to the Lair.
  7794 | D:9      | Found Nufrerao's Assorted Antiques.
  7807 | D:9      | Bought a potion of curing for 93 gold pieces
  7937 | D:9      | Found a staircase to the Orcish Mines.
  7959 | D:9      | Noticed a two-headed ogre
  7974 | D:9      | Killed a two-headed ogre
  7974 | D:9      | Reached skill level 9 in Fighting
  8281 | D:9      | Reached XP level 11. HP: 87/87 MP: 11/11
  8282 | D:9      | Noticed a three-headed hydra
  8299 | D:9      | Killed a three-headed hydra
  8463 | Lair:1   | Entered Level 1 of the Lair of Beasts
  8909 | D:9      | Reached skill level 10 in Fighting
  8958 | Lair:1   | Upgraded the game from 0.20.0-8-g6b59dc7 to 0.20.0-9-g8272e65
  8986 | Lair:1   | Got a pair of warped boots
  8997 | Lair:1   | Identified the cursed +0 pair of boots "Jiceuran" {Str+4} (You found it on level 1 of the Lair of Beasts)
  9253 | Lair:1   | Reached ***** piety under Trog
  9349 | Lair:1   | Noticed a seven-headed hydra
  9355 | Lair:1   | Killed a seven-headed hydra
  9916 | Lair:2   | Received a gift from Trog
 10014 | Lair:2   | Found an iron altar of Okawaru.
 10181 | Lair:2   | Reached XP level 12. HP: 85/97 MP: 12/12
 10401 | Lair:2   | Found a staircase to the Swamp.
 10430 | Lair:2   | Reached skill level 11 in Fighting
 10849 | Lair:3   | Received a gift from Trog
 10857 | Lair:3   | Got a faintly glowing demon whip {god gift}
 10878 | Lair:3   | Identified the +9 demon whip of the Thirteen Dances {drain, rElec Str+4} (Trog gifted it to you on level 3 of the Lair of Beasts)
 11144 | Lair:3   | Noticed a six-headed hydra
 11151 | Lair:3   | Killed a six-headed hydra
 11369 | Lair:3   | Reached skill level 12 in Fighting
 11858 | Lair:4   | Reached skill level 10 in Shields
 11858 | Lair:4   | Reached XP level 13. HP: 100/107 MP: 13/13
 11936 | Lair:4   | Found a white marble altar of Elyvilon.
 12121 | Lair:4   | Found a staircase to the Snake Pit.
 12809 | Lair:5   | Received a gift from Trog
 13021 | Lair:5   | Reached skill level 13 in Fighting
 13026 | Lair:5   | Noticed Josephine
 13043 | Lair:5   | Killed Josephine
 13496 | Lair:6   | Entered Level 6 of the Lair of Beasts
 13712 | Lair:6   | Found a staircase to the Slime Pits.
 13712 | Lair:6   | Found a viscous altar of Jiyva.
 13729 | Lair:6   | Noticed Snorg
 13740 | Lair:6   | Killed Snorg
 13943 | Lair:6   | Reached skill level 14 in Fighting
 14264 | Lair:6   | Reached XP level 14. HP: 109/118 MP: 14/14
 14308 | Lair:6   | Received a gift from Trog
 14326 | Lair:6   | Reached skill level 15 in Maces & Flails
 14934 | Orc:1    | Entered Level 1 of the Orcish Mines
 14934 | Orc:1    | Noticed Harold
 15075 | Orc:1    | Killed Harold
 15178 | Orc:1    | Found a frozen archway.
 15322 | Orc:2    | Entered Level 2 of the Orcish Mines
 15322 | Orc:2    | Found a staircase to the Elven Halls.
 15456 | Orc:2    | Received a gift from Trog
 15573 | Orc:2    | Reached skill level 15 in Armour
 15741 | Orc:2    | Gained mutation: You are somewhat resistant to further mutation. [a neqoxec]
 15759 | Orc:2    | Gained mutation: You are partially covered in yellow scales. (AC +2) [a neqoxec]
 16033 | Orc:2    | Received a gift from Trog
 16176 | Orc:2    | Reached skill level 15 in Fighting
 16322 | Orc:2    | Found Mituontu's Antique Weapon Boutique.
 16322 | Orc:2    | Found Ehushry's Weapon Shop.
 16323 | Orc:2    | Found Xuekaf's Antique Weapon Shop.
 16327 | Orc:2    | Found Kenlunagask's Assorted Antiques.
 16351 | Orc:2    | Bought a scroll of identify for 44 gold pieces
 16899 | Slime:1  | Entered Level 1 of the Pits of Slime
 16974 | Slime:1  | Noticed an acid blob
 17244 | Swamp:1  | Entered Level 1 of the Swamp
 17380 | Lair:2   | Upgraded the game from 0.20.0-9-g8272e65 to 0.20.0-10-g0535bb4
 17380 | Lair:2   | Upgraded the game from 0.20.0-10-g0535bb4 to 0.20.0-14-g326068f
 17813 | Snake:1  | Entered Level 1 of the Snake Pit
 17821 | Snake:1  | Found Vional's Antique Weapon Shop.
 17834 | Snake:1  | Found Kynoquw's Antique Weapon Boutique.
 17834 | Snake:1  | Found Yqadacesk's Armour Shop.
 17839 | Snake:1  | Found Suffiunk's Antique Armour Boutique.
 17842 | Snake:1  | Bought a +3 ring mail of poison resistance for 391 gold pieces
 17974 | Snake:1  | Found Rely's Food Shoppe.
 18957 | Snake:1  | Reached ****** piety under Trog
 19037 | Snake:2  | Noticed a nagaraja
 19233 | Snake:2  | Killed a nagaraja
 19434 | Snake:2  | Noticed a nagaraja
 19442 | Snake:2  | Killed a nagaraja
 19502 | Snake:2  | Received a gift from Trog
 19502 | Snake:2  | Reached XP level 15. HP: 122/126 MP: 15/15
 20020 | Snake:2  | Noticed a nagaraja
 20149 | Snake:2  | Killed a nagaraja
 20149 | Snake:2  | Reached skill level 5 in Slings
 20795 | Snake:3  | Got a twisted flail
 20796 | Snake:3  | Identified the +9 flail "Wagutt" {freeze, +Inv} (You found it on level 3 of the Snake Pit)
 21052 | Snake:4  | Entered Level 4 of the Snake Pit
 21080 | Snake:4  | Noticed a nagaraja
 21090 | Snake:4  | Killed a nagaraja
 21276 | Snake:4  | Reached skill level 16 in Fighting
 21393 | Snake:4  | Noticed a nagaraja
 21481 | Snake:4  | Noticed a nagaraja
 21483 | Snake:4  | Killed a nagaraja
 21483 | Snake:4  | Received a gift from Trog
 21488 | Snake:4  | Noticed a nagaraja
 21491 | Snake:4  | Killed a nagaraja
 21501 | Snake:4  | Killed a nagaraja
 21511 | Snake:4  | Noticed Saint Roka
 21540 | Snake:4  | Reached skill level 1 in Throwing
 21557 | Snake:4  | Killed Saint Roka
 21817 | Snake:4  | Reached XP level 16. HP: 78/136 MP: 16/16
 21830 | Snake:4  | Received a gift from Trog
 21871 | Snake:4  | Upgraded the game from 0.20.0-14-g326068f to 0.20.0-15-g7f486f2
 22161 | Snake:4  | Reached skill level 10 in Slings
 22678 | Snake:4  | Got a serpentine rune of Zot
 23557 | Swamp:1  | Received a gift from Trog
 23799 | Swamp:2  | Reached skill level 17 in Fighting
 24193 | Swamp:2  | Received a gift from Trog
 24363 | Swamp:2  | Noticed a thorn hunter
 24376 | Swamp:2  | Killed a thorn hunter
 24498 | Swamp:3  | Noticed Mara
 24527 | Swamp:3  | Reached skill level 10 in Dodging
 24532 | Swamp:3  | Killed Mara
 24712 | Swamp:3  | Received a gift from Trog
 24766 | Swamp:3  | Noticed Roxanne
 24923 | Swamp:3  | HP: 6/139 [spectral five-headed hydra[a ghost crab] (2)]
 24927 | Swamp:3  | Noticed a thorn hunter
 24957 | Swamp:3  | Reached XP level 17. HP: 31/145 MP: 17/17
 26185 | Swamp:3  | Killed Roxanne
 27393 | Swamp:3  | Identified 2 scrolls of acquirement
 27521 | Swamp:4  | Entered Level 4 of the Swamp
 27534 | Swamp:4  | Got an ancient lead amulet
 28222 | Swamp:4  | Received a gift from Trog
 28277 | Swamp:4  | HP: 3/146 [fire dragon/blast of flame (14)]
 28279 | Swamp:4  | Slain by a fire dragon

Skill      XL: |  1  2  3  4  5  6  7  8  9 10 11 12 13 14 15 16 17 |
---------------+----------------------------------------------------+-----
Fighting       | 4 5 6 7 9 10 12 14 15 16 17 | 17.9
Maces & Flails | 4 5 6 7 8 10 11 12 13 14 16 | 16.9
Armour         | 3 5 6 7 9 10 12 13 14 15 16 | 16.1
Dodging        | 3 4 5 6 7 8 9 10 | 10.6
Shields        | 1 3 4 5 6 8 10 11 12 13 14 | 14.2
Stealth        | 1 2 3 |  3.8
Slings         | 1 3 9 11 12 | 12.5
Throwing       | 1 |  1.0

Action                   |  1- 3 |  4- 6 |  7- 9 | 10-12 | 13-15 | 16-18 || total
-------------------------+-------+-------+-------+-------+-------+-------++-------
Melee: Mace              |    33 |       |       |       |       |       ||    33
       Headbutt          |    16 |    25 |    62 |   169 |   272 |   155 ||   699
       Whip              |    55 |   136 |   161 |   452 |       |       ||   804
       Flail             |       |       |   160 |       |       |       ||   160
       Hunting sling     |       |       |     1 |       |       |       ||     1
       Demon whip        |       |       |       |   107 |   898 |   535 ||  1540
 Fire: Hunting sling     |       |       |     2 |     3 |     1 |       ||     6
       Fustibalus        |       |       |       |       |   186 |   337 ||   523
Throw: Stone             |       |       |       |       |    11 |     1 ||    12
Invok: Berserk           |       |     3 |       |       |     1 |     1 ||     5
       Trog's Hand       |       |     1 |     6 |     1 |     2 |     6 ||    16
       Brothers in Arms  |       |       |       |     1 |     3 |     8 ||    12
       Burn Spellbooks   |       |       |       |     1 |     4 |     6 ||    11
  Use: Scroll            |       |     4 |     3 |     6 |     8 |    10 ||    31
       Potion            |       |       |     2 |     5 |     7 |     8 ||    22
 Stab: Distracted        |       |       |       |       |       |     1 ||     1
       Confused          |       |       |       |       |       |     1 ||     1
       Sleeping          |       |       |       |       |       |     1 ||     1
  Eat: Chunk             |     1 |     8 |     9 |     9 |     5 |     4 ||    36
       Meat ration       |       |       |     1 |     1 |     3 |       ||     5
       Fruit             |       |       |     1 |       |       |       ||     1
       Royal jelly       |       |       |       |     3 |       |       ||     3
       Bread ration      |       |       |       |       |     3 |     5 ||     8
Armor: Animal skin       |    12 |       |       |       |       |       ||    12
       Leather armour    |    10 |       |       |       |       |       ||    10
       Scale mail        |       |    39 |    79 |       |       |       ||   118
       Plate armour      |       |       |     3 |    17 |       |       ||    20
       Chain mail        |       |       |       |   150 |   119 |       ||   269
       Ring mail         |       |       |       |       |    39 |   138 ||   177
Dodge: Dodged            |    55 |    40 |   104 |   192 |   330 |   274 ||   995
       Deflected         |       |       |     7 |     8 |    38 |    17 ||    70
Block: Buckler           |     2 |    29 |    61 |   113 |   272 |   195 ||   672
